 Dungeon Sprint DCSS version 0.31.0-12-g77e489cdc1 (webtiles) character file.

Game seed: 17690972100547483533

361 Heoruswealwe the Spear-Bearer (level 6, -1/63 HPs)
             Began as a Minotaur Fighter on Feb 22, 2024.
             Was an Initiate of Gozag.
             Slain by a kobold brigand
             ... wielding a +0 short sword
              (7 damage)
             ... in the Dungeon (Sprint IX: "|||||||||||||||||||||||||||||").
             The game lasted 00:01:14 (124 turns).

Heoruswealwe the Spear-Bearer (Minotaur Fighter)     Turns: 124, Time: 00:01:14

Health: -1/63      AC:  0    Str: 22    XL:     6   Next: 38%
Magic:  5/5        EV: 11    Int:  5    God:    Gozag
Gold:   0          SH:  4    Dex: 10    Spells: 5/5 levels left

rFire   . . .        a - +0 trident
rCold   . . .        d - +0 buckler
rNeg    . . .        (no body armour)
rPois   .            (helmet restricted)
rElec   .            (no cloak)
rCorr   .            (no gloves)
SInv    .            (no boots)
Will    .....        (no amulet)
Stlth   +            (no ring)
HPRegen 0.30/turn    (no ring)
MPRegen 0.09/turn

%: no teleportation
@: gold aura
A: horns 2, retaliatory headbutt
a: Renounce Religion, Potion Petition, Call Merchant, Bribe Branch


You were in the Dungeon.
You worshipped Gozag.
Gozag was noncommittal.
You visited 1 branch

Inventory:

Hand Weapons
 a - a +0 trident (weapon)
Armour
 d - a +0 buckler (worn)
Jewellery
 k - a +3 ring of dexterity
 l - a +2 ring of protection
Wands
 c - a wand of roots (10)
Scrolls
 j - 2 scrolls of blinking
Potions
 b - a potion of might
 e - 5 potions of curing
 f - 3 potions of heal wounds
 g - a potion of haste
 h - 2 potions of magic
 i - a potion of berserk rage


   Skills:
 + Level 9.0 Fighting
 * Level 11.8 Polearms
 + Level 9.0 Armour
 - Level 3.6 Shields


You had 5 spell levels left.
You didn't know any spells.
Your spell library was empty.

Dungeon Overview and Level Annotations

Branches:
Dungeon (1/1)

Altars:
Cheibriados
Dithmenos
Elyvilon
Fedhas
Gozag
Hepliaklqana
Kikubaaqudgha
Makhleb
Nemelex Xobeh
Okawaru
Qazlal
Ru
Sif Muna
Trog
Uskayaw
Vehumet
Wu Jian
Xom
Yredelemnul
Zin
The Shining One
Jiyva
Lugonu


Innate Abilities, Weirdness & Mutations

You have a pair of horns on your head.
You reflexively headbutt those who attack you in melee.


Message History

* * * LOW HITPOINT WARNING * * *
You hit the acid dragon but do no damage.
The acid dragon is heavily wounded.
The acid dragon barely misses you. You furiously retaliate!
You headbutt the acid dragon! The acid dragon barely misses you.
You puncture the acid dragon!
You kill the acid dragon!
The wyvern is distracted by your dazzling golden aura.
Your Fighting skill increases to level 9!
Your Polearms skill increases to level 11!
Your Armour skill increases to level 9!
You have reached level 6!
The wyvern hisses angrily.
You hit the kobold brigand.
The kobold brigand is lightly wounded.
You hit the kobold brigand.
The kobold brigand is moderately wounded.
The kobold brigand hits you with a +0 short sword.
* * * LOW HITPOINT WARNING * * *
You hit the kobold brigand. You headbutt the kobold brigand.
The kobold brigand is moderately wounded.
The kobold brigand hits you with a +0 short sword!
* * * LOW HITPOINT WARNING * * *
You closely miss the kobold brigand.
The kobold brigand is moderately wounded.
The kobold brigand barely misses you.
The troll is distracted by your dazzling golden aura.
The troll shouts!
You hit the kobold brigand but do no damage.
The kobold brigand is moderately wounded.
You hit the kobold brigand.
The kobold brigand is heavily wounded.
The troll is no longer distracted by gold.
The kobold brigand misses you.
You closely miss the kobold brigand.
The kobold brigand is heavily wounded.
The wyvern is no longer distracted by gold.
The kobold brigand hits you with a +0 short sword!
You die...
Your body crumbles into a pile of gold.

▓.▓
▓.▓
▓.▓
▓k▓
▓c▓
▓T▓
▓K▓
▓@▓
▓.▓
▓[▓
▓[▓
▓[▓
▓.▓
▓)▓
▓?▓
▓[▓


You could see a troll, a wyvern, a kobold brigand and a centaur.

Vanquished Creatures
  An acid dragon (D)
  A black bear (D)
  A gnoll sergeant (D)
  A scorpion (D)
  A hound (D)
  An orc (D)
  A ball python (D)
  An endoplasm (D)
  A goblin (D)
  A frilled lizard (D)
  A rat (D)
11 creatures vanquished.

Notes
Turn   | Place    | Note
-------+----------+-------------------------------------------
     0 | D        | Heoruswealwe the Minotaur Fighter began the quest for the
                  | Orb.
     0 | D        | Reached XP level 1. HP: 19/19 MP: 0/0
     5 | D        | Reached skill level 3 in Polearms
    25 | D        | Noticed a hound
    25 | D        | Noticed a scorpion
    25 | D        | Noticed a gnoll sergeant
    25 | D        | Noticed a black bear
    29 | D        | Killed a black bear
    30 | D        | Reached skill level 7 in Polearms
    30 | D        | Reached XP level 2. HP: 26/31 MP: 1/1
    30 | D        | Reached XP level 3. HP: 33/38 MP: 2/2
    30 | D        | Reached XP level 4. HP: 39/45 MP: 3/3
    33 | D        | Reached skill level 8 in Polearms
    43 | D        | Killed a gnoll sergeant
    44 | D        | Reached skill level 9 in Polearms
    44 | D        | Reached XP level 5. HP: 15/52 MP: 4/4
    45 | D        | Reached skill level 10 in Polearms
    61 | D        | Found a snail-covered altar of Cheibriados.
    61 | D        | Found a shadowy altar of Dithmenos.
    61 | D        | Found a white marble altar of Elyvilon.
    61 | D        | Found a blossoming altar of Fedhas.
    61 | D        | Found an opulent altar of Gozag.
    62 | D        | Found a hazy altar of Hepliaklqana.
    63 | D        | Found a viscous altar of Jiyva.
    64 | D        | Found an ancient bone altar of Kikubaaqudgha.
    65 | D        | Found a corrupted altar of Lugonu.
    66 | D        | Found a burning altar of Makhleb.
    67 | D        | Found a sparkling altar of Nemelex Xobeh.
    68 | D        | Found an iron altar of Okawaru.
    69 | D        | Found a stormy altar of Qazlal.
    71 | D        | Became a worshipper of Gozag Ym Sagoz the Greedy
    73 | D        | Found a sacrificial altar of Ru.
    74 | D        | Found a shimmering blue altar of Sif Muna.
    75 | D        | Found a bloodstained altar of Trog.
    76 | D        | Found a hide-covered altar of Uskayaw.
    77 | D        | Found a radiant altar of Vehumet.
    78 | D        | Found an ornate altar of the Wu Jian Council.
    79 | D        | Found a shimmering altar of Xom.
    80 | D        | Found a basalt altar of Yredelemnul.
    81 | D        | Found a glowing silver altar of Zin.
    82 | D        | Found a glowing golden altar of the Shining One.
   112 | D        | Noticed a wyvern
   112 | D        | Noticed a troll
   112 | D        | Noticed a centaur
   112 | D        | Noticed an acid dragon
   117 | D        | Killed an acid dragon
   118 | D        | Reached skill level 11 in Polearms
   118 | D        | Reached XP level 6. HP: 17/63 MP: 5/5
   124 | D        | Slain by a kobold brigand

Illustrated notes

Levels and vault maps discovered:
D:        linesprint [early_d, line_temple, items_1, d_10, items_2, lair_1,
          lair_end, items_3, orc_1, orc_end, items_4, d_15, swamp_1, shoals_1,
          snake_1, spider_1, d_20, vaults_1, items_5, swamp_end, shoals_end,
          snake_end, spider_end, vaults_end, d_27, items_6, zot_1, zot_end,
          crypt_end, forest_end, elf_end, slime_end, tomb_end, abyss_end,
          pan_hell_end]

Skill      XL: |  1  2  3  4  5 |
---------------+----------------+-----
Polearms       | 7 9 11 | 11.8
Fighting       | 6 7 9 |  9.0
Armour         | 6 7 9 |  9.0
Shields        | |  3.6

Action                     |  1- 3 |  4- 6 || total
---------------------------+-------+-------++-------
  Melee: Trident           |    11 |    35 ||    46
         Headbutt          |     2 |     7 ||     9
 Armour: Scale mail        |     8 |    11 ||    19
         Skin              |       |     5 ||     5
  Dodge: Dodged            |     8 |    15 ||    23
  Block: Buckler           |     1 |     5 ||     6
